 Dungeon Crawl Stone Soup version 0.24.0-41-g2ae2f7f1be (console) character file.

Game seed: 13826632253579972094, levelgen mode: deterministic

2409 Kagalorn the Grappler (level 9, -9/87 (88) HPs)
             Began as a White Draconian Transmuter on Dec 10, 2019.
             Was a Priest of Okawaru.
             Shot with a bolt by an orc (11 damage)
             ... in a bailey.
             The game lasted 00:16:03 (6572 turns).

Kagalorn the Grappler (White Draconian Transmuter)  Turns: 6572, Time: 00:16:04

HP:   -9/87 (88)    AC:  5    Str: 13    XL:     9   Next: 23%
MP:   11/12         EV: 10    Int: 16    God:    Okawaru [***...]
Gold: 424           SH:  0    Dex: 12    Spells: 4/12 levels left

rFire    x . .     SeeInvis .     - Unarmed
rCold    + + +     Gourm    .   (shield currently unavailable)
rNeg     . . .     Faith    .   (armour unavailable)
rPois    +         Spirit   .   (helmet currently unavailable)
rElec    .         Reflect  .   (cloak currently unavailable)
rCorr    +         Harm     .   (gloves currently unavailable)
MR       .....                  (boots currently unavailable)
Stlth    +.........             (no amulet)
HPRegen  0.24/turn              t - ring of wizardry
MPRegen  0.13/turn              j - ring of resist corrosion

@: ice-form
A: large, (breathe frost), unfitting armour, AC +7
a: End Transformation, Heroism, Renounce Religion


You were in a bailey.
You worshipped Okawaru.
Okawaru was most pleased with you.
You were very hungry.
You were a creature of crystalline ice.
You visited 2 branches of the dungeon, and saw 8 of its levels.
You also visited: Bailey.

You collected 424 gold pieces.

Inventory:

Armour
 r - a +0 cloak (melded)
Jewellery
 a - an uncursed ring of positive energy
 j - a ring of resist corrosion (right front paw)
 t - a ring of wizardry (left front paw)
Wands
 o - a wand of paralysis (7)
Scrolls
 d - a scroll of teleportation
 f - a scroll of remove curse
 i - a scroll of magic mapping {unknown}
 l - a scroll of amnesia {unknown}
 m - a scroll of fog {unknown}
 q - a scroll of fear {unknown}
Potions
 b - a potion of brilliance {unknown}
 e - 2 potions of lignification
 g - 4 potions of magic
 h - a potion of might {unknown}
 k - a potion of heal wounds {unknown}
 n - a potion of cancellation
 p - a potion of curing
 s - a potion of berserk rage
 u - a potion of haste {unknown}
Comestibles
 c - 12 rations


   Skills:
 - Level 5.0 Fighting
 - Level 1.7 Dodging
 - Level 10.0 Unarmed Combat
 - Level 2.0 Spellcasting
 * Level 5.1 Transmutations
 * Level 3.1 Ice Magic
 * Level 3.5 Invocations


You had 4 spell levels left.
You knew the following spells:

 Your Spells              Type           Power        Failure   Level  Hunger
a - Beastly Appendage     Tmut           ###...       1%          1    #......
b - Spider Form           Tmut/Pois      #.........   9%          3    ###....
c - Ice Form              Ice/Tmut       ##......     16%         4    #####..

Your spell library contained the following spells:

 Spells                   Type           Power        Failure   Level  Hunger
 Sticks to Snakes         Tmut           ###.....     1%          2    ###....
 Blade Hands              Tmut           ###.......   26%         5    ######.


Dungeon Overview and Level Annotations

Branches:
Dungeon (7/15)             Temple (1/1) D:4          Bailey (1/1)

Altars:
Ashenzari
Cheibriados
Dithmenos
Elyvilon
Fedhas
Gozag
Hepliaklqana
Kikubaaqudgha
Makhleb
Nemelex Xobeh
Okawaru
Qazlal
Ru
Sif Muna
Trog
Uskayaw
Wu Jian
Xom
Yredelemnul
Zin
The Shining One

Shops:
D:4 %

Annotations:
D:6 3 runed translucent doors, diiiiiane's ghost, novice OpAs


Innate Abilities, Weirdness & Mutations

((You can breathe waves of freezing cold.))
((You can buffet flying creatures when you breathe cold.))
((Your icy white scales are hard. (AC +7)))
You cannot fit into any form of body armour.
((Your flesh is cold resistant. (rC+)))
((You are cold-blooded and may be slowed by cold attacks.))


Message History

The orc warrior is heavily wounded.
The orc warrior hits you.
You hit the orc warrior. You freeze the orc warrior.
The orc warrior is severely wounded.
The orc warrior hits you!
You hit the orc warrior but do no damage.
The orc warrior is severely wounded.
The orc disappears!
The orc warrior hits you!
The orc shoots a bolt.
The bolt closely misses you.
The orc shoots a bolt.
The bolt hits you but does no damage.
You see here a bolt.
The orc warrior wields a +0 arbalest.
The orc warrior shoots a bolt.
The bolt hits you!!
* * * LOW HITPOINT WARNING * * *
You see here a bolt.
The orc shoots a bolt.
The bolt barely misses you.
The orc warrior shoots a bolt.
The bolt hits you!
* * * LOW HITPOINT WARNING * * *
The orc shoots a bolt.
The bolt hits you!
You die...

#################
#∩.(.............
#.((Y............
#...(............
#.....(..o.......
#......(.........
#................
#.......≈≈≈≈≈....
#......≈≈#o#≈≈...
#......≈##o# ≈...
#......≈. §. ...


You could see 2 orc warriors and an orc.

Vanquished Creatures
  A hungry ghost (D:3)
  An ice beast (D:5)
  2 sky beasts
  A black bear (D:7)
  A phantom (D:3)
  2 necrophages (D:7)
  A centaur (D:6)
  3 ogres
  2 bullfrogs (D:6)
  A scorpion (D:5)
  5 killer bees (D:7)
  4 crimson imps
  2 howler monkeys
  3 orc priests
  A hound (D:7)
  Ijyb (D:4)
  2 iguanas
  4 worker ants
  5 orc wizards
  A killer bee zombie (D:7)
  2 hound zombies
  A hound skeleton (D:7)
  12 adders
  A shadow imp (D:7)
  3 oozes
  An adder skeleton (D:5)
  2 adder zombies
  2 dart slugs
  7 leopard geckos
  12 orcs
  2 ball pythons
  7 giant cockroaches
  7 goblins
  2 hobgoblins
  2 quokkas
  8 bats
  3 frilled lizards
  A jackal skeleton (D:5)
  9 kobolds
  9 rats
136 creatures vanquished.

Vanquished Creatures (others)
  3 fungi (D:6)
  A plant (D:6)
  6 toadstools (D:7)
10 creatures vanquished.

Grand Total: 146 creatures vanquished

Notes
Turn   | Place    | Note
-------+----------+-------------------------------------------
     0 | D:1      | Kagalorn the Draconian Transmuter began the quest for the
                  | Orb.
     0 | D:1      | Reached XP level 1. HP: 16/16 MP: 3/3
     1 | D:1      | Noticed an electric eel
   137 | D:1      | Found a shattered altar of Ashenzari.
   147 | D:1      | Reached XP level 2. HP: 23/23 MP: 3/5
   341 | D:1      | Reached skill level 4 in Unarmed Combat
   453 | D:1      | Reached XP level 3. HP: 19/28 MP: 4/6
  1286 | D:2      | Reached XP level 4. HP: 29/36 MP: 5/7
  1666 | D:3      | Noticed a hungry ghost
  1706 | D:3      | Killed a hungry ghost
  1706 | D:3      | Reached skill level 6 in Unarmed Combat
  1706 | D:3      | Reached XP level 5. HP: 34/42 MP: 8/8
  2049 | D:3      | Found an iron altar of Okawaru.
  2053 | D:3      | Became a worshipper of Warmaster Okawaru
  2164 | D:3      | Reached XP level 6. HP: 40/50 MP: 9/9
  2442 | D:4      | Found Munu's Food Shoppe.
  2591 | D:4      | Noticed Ijyb
  2608 | D:4      | Killed Ijyb
  2683 | D:4      | Found a staircase to the Ecumenical Temple.
  2691 | Temple   | Entered the Ecumenical Temple
  2888 | D:4      | Found a snail-covered altar of Cheibriados.
  2945 | D:4      | Reached skill level 7 in Unarmed Combat
  3096 | D:4      | Found a stormy altar of Qazlal.
  3096 | D:4      | Found an ancient bone altar of Kikubaaqudgha.
  3097 | D:4      | Found a shimmering altar of Xom.
  3260 | D:5      | Entered Level 5 of the Dungeon
  3454 | D:5      | Reached * piety under Okawaru
  3454 | D:5      | Your scales start taking on an icy white colour.
  3454 | D:5      | Reached XP level 7. HP: 57/57 MP: 10/10
  3454 | D:5      | Gained mutation: Your flesh is cold resistant. (rC+) [White
                  | Draconian growth]
  3785 | D:5      | Reached skill level 8 in Unarmed Combat
  4277 | D:5      | Reached skill level 9 in Unarmed Combat
  4594 | D:5      | Reached XP level 8. HP: 48/63 MP: 9/11
  5071 | D:6      | Reached ** piety under Okawaru
  5157 | D:6      | Reached skill level 1 in Invocations
  5224 | D:6      | Found a runed translucent gate.
  5224 | D:6      | Found a runed translucent gate.
  5224 | D:6      | Found a runed translucent gate.
  5307 | D:6      | Reached skill level 10 in Unarmed Combat
  5942 | D:6      | Noticed diiiiiane's ghost (novice OpAs)
  5976 | D:7      | Learned a level 3 spell: Spider Form
  5981 | D:7      | Learned a level 4 spell: Ice Form
  6071 | D:7      | Reached skill level 1 in Ice Magic
  6206 | D:7      | Reached XP level 9. HP: 56/71 MP: 10/12
  6360 | D:7      | Reached *** piety under Okawaru
  6362 | D:7      | Reached skill level 5 in Transmutations
  6363 | D:7      | Reached skill level 5 in Fighting
  6368 | D:7      | Found a flagged portal.
  6544 | Bailey   | Entered a bailey
  6572 | Bailey   | HP: 2/87 [orc warrior/bolt (16)]
  6572 | Bailey   | Shot with a bolt by an orc

Levels and vault maps discovered:
D:1:      arrival_aquarium_a, layout_basic, ashenzari_altar_1
D:2:      layout_basic
D:3:      layout_basic, first_ration, okawaru_metal_pillars_1_2
D:4:      layout_loops_ring, kennysheep_slug_shrine,
          gammafunk_temple_overflow_claw, minmay_temple_entry_hall,
          serial_shops, shop, serial_glass, glass_columns_b, glass_columns_c,
          due_unseen_surprise, item_on_display_a, minmay_strange_pillars,
          feat_on_display, uniq_ijyb
D:5:      layout_basic
D:6:      layout_basic, gammafunk_ghost_nasty_kobolds, st_stairs_4
D:7:      layout_basic, enter_bailey_1, serial_corexii_hall,
          corexii_hall_statues_i, chequers_hall_statues_wall_a,
          minmay_gold_behind_fungi, grunt_livestock
Temple:   minmay_crystal_spiral_temple
Bailey:   bailey_polearm_2, bailey

Skill      XL: |  1  2  3  4  5  6  7  8  9 |
---------------+----------------------------+-----
Unarmed Combat | 4 6 7 9 10 | 10.0
Fighting       | 2 3 4 5 |  5.0
Invocations    | 3 |  3.5
Transmutations | 4 5 |  5.1
Ice Magic      | 2 3 |  3.1
Dodging        | |  1.7
Spellcasting   | |  2.0

Action                   |  1- 3 |  4- 6 |  7- 9 || total
-------------------------+-------+-------+-------++-------
Melee: Unarmed           |   108 |   172 |   250 ||   530
       Headbutt          |     2 |    13 |    18 ||    33
       Tailslap          |     4 |    14 |    17 ||    35
       Kick              |     5 |    11 |    15 ||    31
       Punch             |     1 |     3 |     6 ||    10
 Cast: Beastly Appendage |    20 |    23 |    31 ||    74
       Spider Form       |       |       |     3 ||     3
       Ice Form          |       |       |     2 ||     2
  Use: Scroll            |       |       |     7 ||     7
 Stab: Sleeping          |       |     1 |     1 ||     2
       Confused          |       |     1 |       ||     1
  Eat: Chunk             |     2 |     8 |    12 ||    22
Armor: Skin              |    30 |    43 |    56 ||   129
Dodge: Dodged            |    81 |    72 |   124 ||   277
